Map: Washout LE

Players

堕落的天使 - Winner!

  • Race: Protoss Protoss
  • League: Grandmaster
  • Spawn Location: 1:00

FengLin

  • Race: Zerg Zerg
  • League: Diamond
  • Spawn Location: 7:00

VOD

Have the link to the VOD?

Description

Time

  • Played on: July 8, 2026, 8:04 a.m.
  • Length: 43:48
Show
View Real Time Build Order
Export as new Build Order

堕落的天使 Protoss - Winner!

Build Orders: Oracle Opening, Carriers 

Get SALT Encoding   

  8  0:01  Probe (Chrono Boost)  
  9  0:12  Probe (Chrono Boost)  
  10  0:17  Probe (Chrono Boost)  
  11  0:27  Probe  
  12  0:34  Pylon  
  12  0:40  Probe  
  13  0:52  Probe  
  14  0:58  Gateway  
  14  1:04  Probe (Chrono Boost)  
  15  1:10  Assimilator  
  15  1:16  Probe (Chrono Boost)  
  16  1:21  Probe (Chrono Boost)  
  17  1:30  Probe  
  18  1:42  Probe  
  19  1:52  Nexus  
  19  1:59  Cybernetics Core  
  19  2:02  Probe  
  20  2:10  Pylon  
  20  2:14  Assimilator  
  20  2:17  Probe  
  21  2:29  Probe  
  22  2:35  Adept  
  24  2:42  Probe (Chrono Boost)  
  26  2:53  Probe (Chrono Boost), Stargate  
  26  2:58  Probe (Chrono Boost)  
  26  3:05  Warp Gate  
  27  3:07  Probe (Chrono Boost), Adept  
  27  3:09  Probe (Chrono Boost)  
  30  3:19  Probe (Chrono Boost)  
  31  3:26  Probe (Chrono Boost)  
  33  3:27  Probe (Chrono Boost)  
  33  3:34  Probe x2, Gateway  
  33  3:37  Oracle  
  38  3:42  Pylon  
  38  3:46  Probe (Chrono Boost)  
  40  3:48  Adept  
  40  3:52  Probe (Chrono Boost)  
  42  3:59  Probe (Chrono Boost)  
  42  4:00  Probe (Chrono Boost)  
  44  4:09  Probe  
  45  4:14  Nexus  
  45  4:18  Pylon  
  45  4:25  Probe x2  
  45  4:26  Assimilator  
  45  4:29  Assimilator  
  47  4:38  Fleet Beacon  
  47  4:40  Probe x2  
  49  4:48  Shield Battery  
  49  4:53  Probe (Chrono Boost)  
  49  4:55  Forge  
  49  4:56  Probe (Chrono Boost)  
  51  5:05  Probe (Chrono Boost)  
  53  5:07  Pylon  
  53  5:09  Probe (Chrono Boost)  
  53  5:11  Probe (Chrono Boost)  
  54  5:17  Probe  
  54  5:18  Stargate  
  55  5:21  Probe  
  55  5:26  Adept  
  55  5:27  Adept  
  60  5:29  Probe  
  61  5:43  Probe x3  
  61  5:44  Carrier (Chrono Boost)  
  61  5:46  Pylon  
  70  5:55  Probe x3  
  73  6:02  Photon Cannon  
  73  6:03  Photon Cannon  
  73  6:06  Carrier (Chrono Boost)  
  73  6:09  Protoss Air Weapons Level 1 (Chrono Boost)  
  79  6:20  Probe x3  
  82  6:26  Photon Cannon  
  82  6:28  Shield Battery  
  82  6:29  Pylon  
  82  6:31  Assimilator  
  82  6:32  Probe  
  83  6:35  Assimilator  
  83  6:36  Probe  
  83  6:37  Probe  
  83  6:38  Twilight Council  
  85  6:42  Shield Battery  
  85  6:44  Probe  
  86  6:48  Shield Battery  
  86  6:49  Photon Cannon  
  86  7:01  Probe x3  
  89  7:08  Gateway  
  89  7:11  Gateway  
  89  7:13  Carrier  
  89  7:15  Charge (Chrono Boost)  
  95  7:23  Pylon  
  95  7:26  Pylon  
  95  7:31  Photon Cannon  
  95  7:41  Probe x2, Carrier  
  95  7:43  Pylon  
  103  7:44  Probe  
  103  7:46  Pylon  
  104  7:53  Probe  
  104  7:56  Probe  
  104  7:58  Nexus  
  106  7:59  Pylon  
  106  8:02  Pylon  
  114  8:06  Templar Archives  
  114  8:09  Mothership (Chrono Boost)  
  114  8:19  Gateway  
  114  8:22  Gateway  
  114  8:24  Pylon  
  114  8:25  Gateway  
  114  8:27  Pylon  
  114  8:30  Carrier (Chrono Boost)  
  114  8:33  Pylon  
  120  8:40  Photon Cannon  
  120  8:42  Photon Cannon  
  120  8:43  Photon Cannon  
  120  8:47  Shield Battery  
  117  8:48  Carrier (Chrono Boost)  
  123  8:57  High Templar  
  123  8:58  High Templar x2  
  129  9:06  Psionic Storm  
  129  9:16  Photon Cannon, Pylon  
  129  9:19  Shield Battery  
  129  9:20  Shield Battery  
  129  9:21  Zealot  
  131  9:26  Probe x4  
  135  9:35  Assimilator  
  135  9:36  Assimilator  
  136  9:38  Probe x2  
  136  9:39  Protoss Shields Level 1 (Chrono Boost), Probe  
  136  9:40  Probe  
  136  9:44  Photon Cannon  
  136  9:45  Photon Cannon  
  139  9:46  Photon Cannon  
  139  9:47  Shield Battery  
  139  9:48  High Templar x2  
  139  9:50  Probe x2  
  139  9:51  Probe  
  150  10:03  Probe x3  
  150  10:04  Probe  
  158  10:13  Zealot  
  158  10:15  Probe  
  158  10:20  Cybernetics Core  
  157  10:25  Zealot x4  
  157  10:26  Zealot  
  139  10:44  Tempest  
  139  10:48  Archon  
  139  10:49  Archon, Tempest  
  138  10:54  Probe x4  
  136  11:01  Pylon  
  136  11:03  Pylon  
  136  11:06  Probe x2  
  136  11:07  Pylon  
  136  11:09  Pylon  
  136  11:10  High Templar  
  136  11:11  High Templar x4  
  144  11:17  Probe x2  
  144  11:18  Probe x2  
  152  11:22  Pylon  
  152  11:23  Pylon  
  152  11:31  Gateway  
  152  11:34  Gateway  
  152  11:47  Fleet Beacon  
  152  11:53  Fleet Beacon, Void Ray x2 (Chrono Boost)  
  152  11:55  Protoss Air Armor Level 1 (Chrono Boost)  
  160  12:05  High Templar x4  
  160  12:06  High Templar  
  160  12:07  High Templar  
  172  12:09  Probe x4, Protoss Shields Level 2 (Chrono Boost)  
  172  12:10  Archon x2  
  172  12:12  Archon  
  176  12:20  Forge  
  176  12:21  Forge  
  176  12:32  Robotics Facility  
  176  12:33  Robotics Facility  
  176  12:38  Nexus  
  176  12:40  Pylon  
  175  12:50  Zealot  
  175  12:51  Zealot x5  
  181  12:52  Zealot x2  
  191  13:00  Carrier  
  197  13:07  Protoss Ground Weapons Level 1 (Chrono Boost)  
  197  13:08  Protoss Ground Armor Level 1 (Chrono Boost)  
  195  13:24  Zealot x3  
  195  13:25  Zealot x3  
  195  13:26  Zealot  
  197  13:32  Nexus  
  197  13:33  Pylon  
  197  13:35  Pylon  
  197  13:40  Photon Cannon x2  
  197  13:42  Shield Battery  
  197  13:44  Shield Battery  
  197  13:51  Pylon, Dark Shrine  
  197  13:59  Blink  
  181  14:11  Photon Cannon  
  181  14:12  Photon Cannon  
  181  14:13  Photon Cannon x2  
  181  14:15  Photon Cannon  
  181  14:17  Photon Cannon  
  181  14:20  Shield Battery x2  
  181  14:22  Probe x4  
  181  14:23  Shield Battery  
  185  14:25  Flux Vanes  
  185  14:27  Photon Cannon  
  185  14:28  Shield Battery  
  185  14:29  Observer  
  185  14:30  Observer, Shield Battery  
  187  14:31  Photon Cannon  
  187  14:32  Shield Battery, Photon Cannon  
  187  14:34  Probe x3  
  187  14:35  Photon Cannon  
  187  14:37  Photon Cannon  
  187  14:38  Protoss Air Weapons Level 2 (Chrono Boost), Pylon  
  190  14:43  Cybernetics Core  
  190  14:48  Immortal x2  
  190  14:50  High Templar  
  200  14:58  Carrier  
  200  15:15  Assimilator  
  200  15:19  Assimilator  
  200  15:22  Stargate  
  200  15:24  Stargate  
  200  15:25  Pylon, Protoss Air Armor Level 2 (Chrono Boost)  
  200  15:28  Pylon  
  200  15:45  Robotics Bay  
  200  16:05  Pylon  
  200  16:06  Pylon  
  200  16:09  Shield Battery  
  199  16:46  Gateway  
  199  16:49  Gateway  
  199  16:51  Gateway  
  199  16:52  Unknown  
  199  16:56  Nexus  
  199  16:58  Pylon  
  199  16:59  Pylon  
  199  17:01  Pylon  
  199  17:05  Assimilator  
  199  17:06  Protoss Air Weapons Level 3 (Chrono Boost)  
  199  17:08  Assimilator  
  199  17:10  Protoss Shields Level 3 (Chrono Boost), Protoss Ground Armor Level 2 (Chrono Boost)  
  199  17:11  Protoss Ground Weapons Level 2 (Chrono Boost)  
  199  17:16  Gravitic Boosters  
  199  17:20  Pylon  
  199  17:34  Photon Cannon  
  199  17:38  Photon Cannon x2  
  199  17:39  Photon Cannon  
  199  17:40  Shield Battery  
  199  17:42  Photon Cannon  
  199  17:44  Shield Battery x2, Oracle  
  197  17:47  Photon Cannon  
  197  17:48  Shield Battery  
  197  17:49  Photon Cannon  
  197  17:51  Shadow Stride, Photon Cannon  
  200  18:01  Nexus  
  200  18:03  Pylon  
  200  18:05  Pylon  
  200  18:07  Pylon  
  194  18:51  Dark Templar x4  
  194  18:52  Dark Templar x2  
  200  18:58  Shield Battery  
  200  19:00  Photon Cannon  
  200  19:01  Shield Battery, Photon Cannon  
  200  19:02  Photon Cannon  
  200  19:04  Photon Cannon  
  200  19:05  Photon Cannon  
  200  19:08  Photon Cannon x2  
  200  19:09  Carrier  
  200  19:11  Photon Cannon  
  200  19:12  Photon Cannon  
  200  19:13  Photon Cannon  
  200  19:16  Shield Battery  
  192  19:32  Pylon  
  192  19:36  Zealot x3  
  192  19:37  Zealot x3  
  200  19:54  Protoss Ground Armor Level 3, Protoss Ground Weapons Level 3  
  188  20:00  Pylon  
  188  20:02  Pylon  
  188  20:07  Nexus  
  188  20:08  Pylon  
  188  20:09  Assimilator  
  188  20:10  Assimilator  
  188  20:11  Pylon  
  188  20:40  High Templar x6  
  198  20:46  Archon x2  
  198  20:47  Archon  
  189  21:24  Zealot x3  
  189  21:25  Zealot x2  
  199  21:34  Photon Cannon  
  199  21:35  Photon Cannon  
  199  21:36  Photon Cannon  
  199  21:39  Photon Cannon  
  199  21:40  Shield Battery  
  199  21:41  Shield Battery  
  199  21:43  Shield Battery  
  199  21:46  Shield Battery  
  197  21:47  Gateway  
  197  21:48  Protoss Air Armor Level 3 (Chrono Boost), Gateway  
  197  21:49  Shield Battery  
  197  21:50  Gateway  
  197  21:51  Photon Cannon  
  197  21:53  Photon Cannon  
  191  21:54  Assimilator  
  191  21:55  Pylon  
  191  21:56  Assimilator  
  191  22:04  Assimilator  
  191  22:06  Assimilator  
  191  22:13  Pylon  
  189  22:16  Zealot x5  
  199  22:23  Pylon  
  199  22:28  Pylon  
  189  22:47  Photon Cannon  
  189  22:54  Nexus  
  188  22:58  Pylon  
  188  23:00  Zealot x5, Pylon  
  188  23:03  Pylon  
  180  23:26  Zealot  
  180  23:27  Zealot x5  
  184  23:28  Zealot x3  
  198  23:38  Photon Cannon  
  198  23:39  Photon Cannon  
  198  23:40  Photon Cannon  
  198  23:42  Photon Cannon  
  198  23:43  Shield Battery  
  198  23:45  Shield Battery  
  198  23:47  Shield Battery  
  198  23:49  Photon Cannon  
  198  23:51  Photon Cannon  
  198  23:53  Photon Cannon  
  198  23:57  Nexus  
  198  23:58  Pylon  
  198  24:00  Pylon  
  198  24:02  Pylon  
  180  24:11  Gravitic Drive  
  179  24:26  Photon Cannon  
  179  24:27  Photon Cannon  
  179  24:33  Shield Battery  
  179  24:34  Shield Battery  
  179  24:36  Shield Battery  
  179  24:40  Shield Battery  
  179  24:45  Assimilator  
  179  24:47  Assimilator  
  179  24:53  Shield Battery  
  179  24:56  Shield Battery  
  179  24:57  Photon Cannon  
  179  24:59  Photon Cannon  
  179  25:00  Photon Cannon  
  179  25:01  Photon Cannon  
  179  25:07  Pylon  
  179  25:09  Pylon  
  179  25:10  Dark Templar x4  
  179  25:11  Dark Templar x4  
  179  25:13  Pylon  
  182  25:36  Oracle x2  
  178  25:46  High Templar x3  
  178  25:47  High Templar x2  
  178  25:48  High Templar  
  182  25:52  Archon x2  
  182  25:53  Archon, Carrier x2 (Chrono Boost)  
  190  26:04  Observer x2  
  191  26:08  Dark Templar x4  
  192  26:55  Zealot x4  
  198  27:13  Photon Cannon  
  198  27:15  Photon Cannon  
  190  27:17  Pylon  
  190  27:19  Pylon  
  190  27:20  Shield Battery  
  190  27:21  Shield Battery  
  184  27:22  Shield Battery  
  184  27:27  Shield Battery  
  184  27:28  Shield Battery  
  184  27:29  Pylon, Photon Cannon  
  184  27:31  Photon Cannon  
  184  27:32  Photon Cannon  
  184  27:33  Photon Cannon  
  184  27:34  Photon Cannon  
  184  27:36  Shield Battery  
  184  27:37  Shield Battery  
  184  27:38  Shield Battery  
  184  27:47  High Templar x5  
  184  27:48  High Templar x3  
  200  27:53  Archon  
  200  27:54  Archon x3  
  200  28:14  Photon Cannon x2  
  200  28:16  Pylon  
  191  28:52  Zealot  
  191  28:53  Zealot x3  
  199  29:07  Shield Battery  
  199  29:10  Shield Battery  
  197  29:27  Zealot x3  
  197  29:28  Zealot  
  197  29:41  Shield Battery  
  197  29:44  Shield Battery  
  195  29:46  Shield Battery  
  195  29:48  Shield Battery  
  195  29:50  Shield Battery  
  195  29:51  Photon Cannon  
  195  29:52  Photon Cannon  
  191  29:54  Photon Cannon  
  191  29:57  Photon Cannon  
  191  29:59  Photon Cannon  
  189  30:01  Pylon  
  189  30:06  Zealot x4  
  189  30:38  Carrier x3  
  197  30:54  Shield Battery  
  197  30:56  Shield Battery  
  197  30:57  Shield Battery  
  197  30:59  Photon Cannon  
  197  31:00  Photon Cannon  
  197  31:01  Photon Cannon  
  184  31:27  Immortal (Chrono Boost)  
  184  31:28  Immortal (Chrono Boost)  
  192  31:37  Zealot  
  192  31:38  Zealot x3  
  192  32:22  High Templar x3  
  193  32:23  High Templar  
  193  32:28  Archon  
  193  32:29  Archon  
  199  32:59  Pylon, Nexus  
  199  33:00  Pylon  
  199  33:02  Pylon  
  199  33:19  Assimilator  
  199  33:23  Assimilator  
  197  33:30  Photon Cannon  
  197  33:31  Photon Cannon  
  197  33:33  Photon Cannon  
  195  33:35  Photon Cannon  
  195  33:41  Shield Battery  
  195  33:43  Shield Battery  
  195  33:44  Shield Battery  
  195  33:45  Zealot x2  
  195  33:46  Zealot, Pylon  
  197  33:55  Shield Battery  
  197  33:56  Shield Battery  
  195  34:06  Zealot x2  
  199  34:20  Photon Cannon  
  199  34:21  Photon Cannon  
  199  34:23  Photon Cannon  
  195  34:24  Shield Battery  
  195  34:25  Shield Battery  
  195  34:30  Shield Battery  
  191  34:32  Photon Cannon  
  191  34:34  Photon Cannon  
  191  34:36  Photon Cannon  
  191  34:38  Photon Cannon  
  191  34:39  Photon Cannon  
  191  34:41  Shield Battery  
  191  34:44  Shield Battery  
  163  34:55  Carrier x2  
  163  34:56  Carrier, Tempest  
  185  35:00  Immortal  
  185  35:01  Immortal  
  193  35:24  High Templar  
  193  35:25  High Templar x2  
  183  36:06  Tempest x3 (Chrono Boost)  
  183  36:08  Tempest (Chrono Boost)  
  192  36:34  Pylon  
  168  36:54  High Templar x2  
  168  36:58  High Templar x2  
  168  36:59  High Templar x3  
  182  37:03  Tempest x3  
  182  37:05  Archon  
  182  37:06  Archon  
  194  37:17  Gateway  
  193  37:31  High Templar x2  
  193  37:35  Archon  
  146  38:28  Archon x2  
  146  38:30  High Templar x2  
  146  38:31  High Templar x2  
  142  38:43  Immortal x2  
  142  38:46  Assimilator  
  142  38:47  Carrier x3 (Chrono Boost)  
  142  38:48  Carrier (Chrono Boost)  
  174  38:56  Pylon  
  174  38:58  Pylon  
  174  39:04  High Templar  
  174  39:05  High Templar x3  
  174  39:06  High Templar x3  
  188  39:12  Archon x3  
  176  39:26  Gateway  
  176  39:28  Gateway  
  176  39:29  Gateway  
  173  39:33  Gateway  
  173  39:34  Gateway  
  173  39:37  Gateway  
  173  39:42  Zealot x4  
  173  39:43  Zealot x3  
  182  40:01  Carrier x2 (Chrono Boost)  
  182  40:02  Carrier (Chrono Boost)  
  200  40:14  Assimilator  
  187  41:30  High Templar  
  187  41:31  High Templar x3  
  187  41:32  High Templar x6  
  192  41:33  High Templar x3  
  192  41:37  Archon x3  
  192  41:38  Archon x3  
  181  42:04  Immortal x2  
  189  42:08  Zealot  
  189  42:09  Zealot x4  
  194  42:34  Zealot x4  
  152  43:17  Zealot x5  
  152  43:18  Zealot x4  
  152  43:19  Zealot x3  
  176  43:20  Zealot  
Show
View Real Time Build Order
Export as new Build Order

FengLin Zerg 

Build Orders: Hatch First, Roach Hydra 

Get SALT Encoding   

  8  0:00  Drone  
  9  0:13  Drone  
  10  0:16  Drone  
  11  0:22  Drone  
  12  0:30  Extractor, Drone  
  13  0:37  Overlord  
  13  1:04  Hatchery  
  13  1:09  Drone  
  13  1:13  Drone  
  13  1:15  Drone  
  15  1:20  Drone  
  16  1:29  Drone  
  17  1:42  Spawning Pool  
  17  1:45  Drone  
  17  1:48  Drone  
  18  1:58  Extractor  
  17  2:05  Drone  
  18  2:13  Drone  
  18  2:15  Hatchery  
  18  2:19  Drone  
  19  2:29  Zergling x4  
  21  2:33  Queen  
  23  2:40  Overlord  
  23  2:52  Drone  
  23  2:58  Overlord  
  24  3:02  Drone x3  
  24  3:03  Drone  
  28  3:05  Drone  
  29  3:16  Queen  
  31  3:23  Drone  
  31  3:24  Drone x2  
  34  3:27  Drone  
  34  3:29  Drone  
  36  3:34  Drone  
  36  3:39  Queen  
  39  3:43  Zergling x2  
  39  3:44  Zergling x2  
  39  3:48  Metabolic Boost  
  41  4:00  Zergling x2  
  41  4:01  Zergling x4  
  41  4:02  Overlord  
  44  4:05  Overlord  
  44  4:07  Overlord  
  44  4:12  Lair  
  44  4:17  Extractor x2  
  42  4:28  Drone x8  
  42  4:30  Drone  
  51  4:32  Drone  
  51  4:34  Drone  
  51  4:35  Drone  
  51  4:38  Drone  
  55  4:45  Roach Warren  
  54  4:54  Queen  
  56  5:00  Overlord  
  56  5:04  Zergling x2, Drone x4  
  56  5:05  Drone  
  62  5:13  Hydralisk Den  
  61  5:15  Extractor  
  61  5:16  Drone x4  
  61  5:30  Spore Crawler x2  
  61  5:32  Spore Crawler  
  57  5:41  Drone  
  57  5:44  Drone  
  57  5:45  Drone x4  
  57  5:48  Grooved Spines  
  63  5:50  Drone  
  67  6:04  Roach x4  
  67  6:08  Hatchery  
  70  6:16  Drone  
  70  6:17  Drone, Glial Reconstitution  
  72  6:19  Evolution Chamber x2  
  72  6:22  Overlord  
  72  6:24  Overlord  
  70  6:26  Overlord  
  70  6:38  Muscular Augments  
  70  6:41  Drone x10  
  70  6:44  Drone  
  70  6:45  Drone  
  70  6:47  Drone x2  
  83  6:50  Drone x2  
  83  6:51  Drone  
  83  6:52  Drone  
  87  6:57  Drone x2  
  87  7:01  Pneumatized Carapace, Extractor  
  89  7:02  Extractor  
  89  7:04  Zerg Missile Weapons Level 1  
  89  7:06  Zerg Ground Armor Level 1  
  89  7:07  Overseer  
  87  7:21  Hydralisk  
  87  7:22  Hydralisk x5  
  99  7:27  Queen  
  99  7:29  Drone  
  102  7:40  Overlord x2, Drone  
  102  7:41  Overlord  
  103  7:50  Hatchery  
  101  8:00  Hydralisk x4, Roach  
  101  8:01  Roach x2  
  115  8:05  Overseer  
  115  8:19  Infestation Pit  
  114  8:25  Hydralisk x2, Roach x2  
  114  8:26  Roach  
  123  8:36  Overseer  
  123  8:39  Roach x2  
  127  8:42  Overlord x3  
  127  8:54  Overlord x2  
  127  8:56  Hive, Hatchery  
  126  9:09  Hydralisk x14  
  126  9:10  Hydralisk  
  154  9:21  Drone  
  154  9:22  Drone, Spire x2  
  154  9:26  Queen  
  156  9:33  Drone x7  
  156  9:34  Drone  
  164  9:42  Ravager x7  
  164  9:44  Overlord x2  
  171  10:05  Overseer  
  169  10:11  Hydralisk  
  169  10:12  Hydralisk x11  
  140  10:46  Corruptor x9  
  125  10:57  Drone x17, Extractor  
  125  10:58  Extractor  
  125  11:00  Queen  
  142  11:04  Zerg Flyer Weapons Level 1  
  142  11:21  Viper  
  142  11:24  Overseer  
  142  11:25  Overseer  
  145  11:38  Queen  
  147  11:43  Extractor  
  147  11:44  Hydralisk  
  147  11:45  Roach x3, Extractor  
  147  11:46  Roach x7  
  167  11:48  Overlord  
  167  11:49  Overlord x3  
  167  12:06  Overlord x2  
  167  12:07  Viper x2  
  173  12:23  Evolution Chamber  
  173  12:25  Drone x15  
  173  12:26  Drone x13  
  173  12:28  Hatchery  
  199  12:30  Extractor  
  198  12:48  Zerg Ground Armor Level 2, Zerg Missile Weapons Level 2  
  198  12:58  Zerg Flyer Armor Level 1  
  198  13:09  Roach  
  198  13:22  Queen  
  198  13:24  Extractor  
  199  13:29  Zerg Flyer Weapons Level 2  
  199  13:35  Spine Crawler x3  
  199  13:36  Spine Crawler, Drone x4  
  199  13:37  Drone  
  199  13:38  Spine Crawler  
  199  13:43  Spine Crawler  
  199  13:46  Spine Crawler  
  193  13:55  Viper  
  189  13:56  Corruptor  
  189  13:57  Corruptor x2, Hydralisk  
  192  14:13  Spine Crawler  
  192  14:16  Spine Crawler, Drone x10  
  200  14:17  Spine Crawler  
  200  14:20  Spine Crawler  
  200  14:21  Spine Crawler x2  
  200  14:22  Spine Crawler  
  200  14:23  Spine Crawler  
  200  14:24  Spine Crawler x2  
  193  14:26  Spore Crawler  
  193  14:27  Drone x9, Spore Crawler  
  193  14:28  Drone  
  200  14:32  Spine Crawler  
  200  14:34  Spine Crawler x2  
  200  14:35  Spine Crawler  
  200  14:36  Spore Crawler  
  200  14:37  Spore Crawler x2  
  193  14:42  Spine Crawler  
  190  15:05  Corruptor x2, Hydralisk  
  194  15:12  Queen  
  194  15:13  Queen x2  
  200  15:14  Spine Crawler  
  199  15:42  Zergling x2  
  200  15:55  Lurker Den  
  199  15:57  Adrenal Glands  
  193  16:35  Roach  
  189  16:54  Viper x3  
  189  16:56  Overseer  
  189  16:57  Overseer  
  198  17:02  Zergling x4  
  198  17:03  Unknown  
  198  17:04  Zerg Flyer Armor Level 2  
  198  17:05  Zerg Flyer Weapons Level 3  
  200  17:24  Hatchery  
  199  17:30  Hatchery  
  199  17:34  Lurker x2  
  199  18:12  Adaptive Talons, Queen  
  199  18:50  Extractor x3  
  199  18:52  Extractor  
  195  18:56  Lurker x4  
  199  19:09  Seismic Spines  
  194  19:40  Spine Crawler  
  177  19:56  Spore Crawler  
  173  20:14  Spine Crawler  
  173  20:18  Lurker x2  
  173  20:19  Lurker x3, Hydralisk x5  
  173  20:20  Hydralisk x6  
  197  20:35  Hydralisk  
  197  20:57  Overlord x2  
  194  21:01  Corruptor  
  190  21:07  Hydralisk  
  190  21:08  Roach  
  163  21:22  Lurker x3  
  163  21:23  Hydralisk x3, Zergling x4  
  155  21:29  Viper x2  
  161  21:35  Spine Crawler  
  161  21:36  Spine Crawler x3  
  161  21:38  Spore Crawler, Spine Crawler  
  155  21:50  Greater Spire  
  155  21:51  Zerg Ground Armor Level 3  
  155  21:52  Zerg Missile Weapons Level 3  
  151  22:04  Zergling x38  
  151  22:05  Zergling x44  
  151  22:06  Spore Crawler  
  191  22:08  Drone x4  
  191  22:09  Drone x5  
  199  22:30  Zerg Flyer Armor Level 3  
  199  22:37  Baneling Nest  
  175  23:09  Brood Lord x7  
  175  23:10  Corruptor x6  
  195  23:13  Spore Crawler  
  189  23:23  Corruptor x5  
  187  23:53  Extractor  
  187  23:55  Hatchery  
  171  24:12  Drone x17  
  171  24:13  Drone x11  
  190  24:52  Zerg Melee Weapons Level 1  
  190  24:54  Extractor  
  190  24:56  Centrifugal Hooks  
  190  24:57  Extractor, Zergling x26, Hatchery  
  194  25:47  Baneling x16  
  184  26:02  Lair  
  184  26:04  Baneling  
  184  26:05  Spore Crawler  
  184  26:06  Spore Crawler  
  184  26:10  Spine Crawler  
  184  26:11  Spine Crawler  
  180  26:12  Spine Crawler x3  
  180  26:13  Spine Crawler  
  180  26:14  Spine Crawler  
  175  26:20  Spore Crawler x2  
  175  26:23  Spine Crawler x2  
  175  26:24  Spine Crawler, Lair  
  154  26:25  Spine Crawler  
  154  26:26  Spine Crawler x2  
  154  26:27  Spine Crawler  
  154  26:28  Spine Crawler  
  154  26:29  Spore Crawler  
  154  26:30  Spine Crawler  
  144  26:37  Spawning Pool  
  139  26:44  Roach Warren  
  138  27:07  Zergling x56  
  138  27:08  Zergling x6  
  167  27:18  Zergling x16  
  167  27:20  Queen  
  167  27:21  Hatchery  
  167  27:22  Queen, Extractor  
  177  27:24  Extractor  
  177  27:28  Drone x6  
  180  27:46  Hatchery  
  180  27:49  Hatchery  
  166  28:14  Drone x23  
  179  28:25  Zergling x6  
  179  28:26  Zergling x22  
  163  28:59  Overseer x2  
  163  29:01  Overseer  
  157  29:30  Infestation Pit  
  145  29:51  Corruptor x6  
  145  29:52  Corruptor x21  
  186  29:55  Overlord x2  
  192  30:04  Corruptor  
  190  30:14  Overlord x2  
  161  30:46  Hive  
  161  31:03  Drone  
  162  31:05  Hydralisk Den  
  155  31:42  Drone x3  
  155  31:43  Drone x5, Lurker Den  
  155  31:44  Hatchery  
  155  31:46  Drone x31  
  155  31:47  Drone x8, Extractor  
  198  32:24  Hatchery  
  198  32:27  Extractor  
  192  32:47  Hydralisk x8  
  192  32:48  Hydralisk  
  192  32:49  Hydralisk x2  
  198  33:24  Viper x2  
  198  33:29  Lurker  
  198  33:30  Lurker x3  
  200  33:43  Spine Crawler, Drone  
  200  33:44  Spine Crawler  
  200  33:45  Spine Crawler x2  
  197  33:52  Spore Crawler  
  196  34:05  Spore Crawler  
  196  34:06  Queen  
  196  34:07  Spore Crawler  
  196  34:08  Spore Crawler x2  
  196  34:09  Spore Crawler  
  191  34:13  Spore Crawler  
  188  34:17  Drone x2  
  188  34:31  Overseer  
  188  34:33  Hydralisk x2, Corruptor  
  194  34:39  Evolution Chamber x2  
  194  34:42  Queen  
  178  34:48  Hydralisk x3, Zergling x2  
  178  34:49  Zergling x4  
  177  35:00  Hydralisk x5  
  177  35:01  Hydralisk x2, Corruptor x2  
  177  35:03  Brood Lord  
  177  35:04  Brood Lord  
  196  35:31  Zerg Melee Weapons Level 2  
  196  35:35  Lurker x4  
  200  35:45  Spore Crawler  
  200  35:49  Spore Crawler  
  198  35:54  Queen  
  200  36:01  Spore Crawler  
  197  36:09  Viper  
  189  36:45  Viper x4  
  194  36:59  Lurker x6  
  200  37:38  Overseer x2  
  200  37:46  Spore Crawler  
  200  37:47  Spore Crawler  
  200  37:49  Brood Lord  
  156  38:30  Hydralisk x20  
  156  38:31  Hydralisk x3, Roach x3  
  156  38:32  Roach x2  
  185  38:44  Queen x3  
  185  38:45  Queen x2, Viper x2  
  185  38:46  Viper  
  200  39:00  Zerg Melee Weapons Level 3  
  187  40:20  Spore Crawler  
  186  40:23  Spore Crawler  
  186  40:24  Spore Crawler x3  
  186  40:26  Spore Crawler x2  
  186  40:28  Spore Crawler x4  
  173  40:30  Spore Crawler  
  173  40:32  Spore Crawler x4  
  173  40:33  Spore Crawler x2  
  173  40:34  Spore Crawler  
  173  40:35  Spore Crawler  
  158  40:41  Viper x2  
  158  40:42  Viper x5  
  173  40:48  Spore Crawler  
  178  40:50  Spore Crawler x6  
  178  40:52  Spore Crawler  
  157  41:17  Corruptor x2  
  157  41:18  Corruptor x12  
  182  41:22  Spore Crawler x2  
  182  41:23  Spore Crawler x3  
  182  41:25  Spore Crawler x3  
  176  41:37  Zergling x8  
  180  41:50  Hatchery  
  179  41:55  Hatchery  
  178  42:10  Brood Lord  
  178  42:13  Overlord x4  
  159  43:16  Corruptor  
  159  43:17  Corruptor x13  
Tags
 
Add a new tag
Caveats
  • Supply blocks, unpowered buildings, or Contaminate may cause inaccurate times.
  • Supply counts are checked every 10 seconds.